 Dungeon Crawl Stone Soup version 0.28-a0-511-gcc94558de3 (webtiles) character file.

Game seed: 2971597438471878934

10605 Woods the Thaumaturge (level 11, 0/114 HPs)
             Began as a Purple Draconian Transmuter on Sept 21, 2021.
             Was a Priest of Ashenzari.
             Slain by an entropy weaver simulacrum (8 damage)
             ... in an ice cave.
             The game lasted 00:42:16 (14878 turns).

Woods the Thaumaturge (DrTm)                       Turns: 14878, Time: 00:42:17

Health: 0/114      AC:  9    Str: 14    XL:     11   Next: 38%
Magic:  22/25      EV: 12    Int: 21    God:    Ashenzari [***...]
Gold:   619        SH:  0    Dex: 12    Spells: 17/30 levels left

rFire   x . .      SeeInvis +     - Unarmed
rCold   + + +      Faith    .   (shield currently unavailable)
rNeg    . . .      Spirit   .   (armour unavailable)
rPois   +          Reflect  .   (helmet currently unavailable)
rElec   .          Harm     .   (cloak currently unavailable)
rCorr   .          Rampage  .   (gloves currently unavailable)
Will    +....      Clarity  +   (boots currently unavailable)
Stlth   +.........              (no amulet)
HPRegen 0.29/turn               l - ring "I Knew You'd Do That" {EV+4, Bglg, Melee} (curse)
MPRegen 0.19/turn               G - ring "I Knew You'd Do That" {Int+6, Alch, Range} (curse)

@: ice-form, constricted
A: freezing attack, amphibious, boosted hp, (breathe power), AC +7, large,
unfitting armour, (cold-blooded)
a: End Transformation, Renounce Religion, Curse Item, Shatter the Chains


You were in an ice cave.
You worshipped Ashenzari.
Ashenzari was most pleased with you.
You were a creature of crystalline ice.
You visited 1 branch of the dungeon, and saw 11 of its levels.
You also visited: Sewer and Ice Cave.

You collected 697 gold pieces.
You spent 78 gold pieces at shops.

Inventory:

Armour
 a - the cursed +0 pair of gloves "Overhang to Understand" (melded) {Fort, Melee}
   (You found it on level 1 of the Dungeon)

   It has a curse which improves the following skills: Fortitude: Shields.
   Melee Combat: Short Blades, Long Blades, Axes, Maces & Flails, Polearms,
   Staves and Unarmed Combat.
 h - a +0 pair of gloves
 n - the cursed scarf of the Eternal Sorrow (melded) {rC+ rF+, Elem, Self}
   (You found it on level 4 of the Dungeon)

   It has a curse which improves the following skills: Elements: Fire Magic, Ice
   Magic, Air Magic and Earth Magic.
   Introspection: Fighting and Spellcasting.
 A - the cursed +2 buckler "Lashed Together" (melded) {Self, Elem}
   (You found it on level 8 of the Dungeon)

   It has a curse which improves the following skills: Introspection: Fighting
   and Spellcasting.
   Elements:  Fire Magic, Ice Magic, Air Magic and Earth Magic.
 I - a scarf of shadows
Jewellery
 l - the cursed ring "I Knew You'd Do That" (left front paw) {EV+4, Bglg, Melee}
   (You found it on level 4 of the Dungeon)

   [ring of evasion]

   EV:        It affects your evasion (+4).
   It has a curse which improves the following skills: Beguiling: Conjurations,
   Hexes and Translocations.
   Melee Combat: Short Blades, Long Blades, Axes, Maces & Flails, Polearms,
   Staves and Unarmed Combat.
 s - a ring of ice
 t - a ring of resist corrosion
 C - a ring of ice
 G - the cursed ring "I Knew You'd Do That" (right front paw) {Int+6, Alch, Range}
   (You found it on level 9 of the Dungeon)

   [ring of intelligence]

   Int:       It affects your intelligence (+6).
   It has a curse which improves the following skills: Alchemy: Poison Magic and
   Transmutations.
   Ranged Combat: Slings, Bows, Crossbows and Throwing.
 J - a +4 ring of protection
Wands
 v - a wand of digging (9)
 B - a wand of acid (10)
 L - a wand of iceblast (8)
Scrolls
 b - 3 scrolls of holy word
 d - 3 scrolls of silence
 e - 5 scrolls of immolation
 g - 7 scrolls of teleportation
 i - 2 scrolls of magic mapping
 k - 4 scrolls of fog
 w - 2 scrolls of amnesia
 x - 2 scrolls of enchant weapon
 y - a scroll of enchant armour
 E - 2 scrolls of summoning
Potions
 c - a potion of might
 f - 2 potions of haste
 j - 4 potions of flight
 m - 4 potions of brilliance
 o - 8 potions of heal wounds
 p - a potion of mutation
 q - 3 potions of magic
 r - 2 potions of resistance
 u - 8 potions of lignification
 z - 2 potions of curing
 D - 10 potions of ambrosia
 F - a potion of cancellation
 H - a potion of attraction
 K - 2 potions of berserk rage


   Skills:
 - Level 8.6 Fighting
 - Level 5.0 Dodging
 - Level 2.4 Shields
 - Level 9.0(10.9) Unarmed Combat
 - Level 10.0 Spellcasting
 - Level 1.3(2.5) Hexes
 + Level 4.8 Necromancy
 * Level 8.0(9.9) Transmutations


You had 17 spell levels left.
You knew the following spells:

 Your Spells              Type           Power      Damage    Failure   Level
a - Beastly Appendage     Tmut           100%       N/A       1%          1
b - Wereblood             Tmut           51%        N/A       1%          2
c - Spider Form           Tmut/Pois      15%        N/A       2%          3
d - Ice Form              Ice/Tmut       31%        N/A       9%          4
e - Vampiric Draining     Necr           15%        2d8       2%          3

Your spell library contained the following spells:

 Spells                   Type           Power      Damage    Failure   Level
 Animate Skeleton         Necr           60%        N/A       1%          1
 Slow                     Hex            21%        N/A       3%          2
 Apportation              Tloc           22%        N/A       6%          1
 Summon Small Mammal      Summ           40%        N/A       6%          1
 Confusing Touch          Hex            21%        N/A       7%          3


Dungeon Overview and Level Annotations

Branches:
Dungeon (11/15)            Temple (0/1) D:4            Lair (0/6) D:9
  Sewer (visited)           IceCv (1/1)
    Orc: D:9-12

Altars:
Ashenzari
Cheibriados
Gozag
Kikubaaqudgha
Okawaru
Ru
Sif Muna
Trog
Xom
Yredelemnul
Zin
The Shining One

Shops:
D:5 *   D:8 *

Annotations:
D:6 2 transporters, 7 Headed hydra, math4jedi's ghost, amateur DrCA
D:9 2 runed translucent doors, CowFu's ghost, novice DgCj


Innate Abilities, Weirdness & Mutations

You are a creature of crystalline ice.
You have a powerful freezing melee attack.
You are amphibious.
Your maximum health is increased.
Your armour is entirely melded.
You are incapable of wielding weapons or throwing items.
((You can breathe bolts of dispelling energy.))
((Your rich purple scales are hard. (AC +7)))
You cannot fit into any form of body armour.
((You are cold-blooded and may be slowed by cold attacks.))


Message History

The anaconda simulacrum constricts you.
The entropy weaver simulacrum hits you but does no damage. x2
The entropy weaver simulacrum hits you.
The entropy weaver simulacrum freezes you.
You resist.
The entropy weaver simulacrum closely misses you.
The anaconda simulacrum bites you but does no damage.
The anaconda simulacrum constricts you.
You pummel the anaconda simulacrum!!
The anaconda simulacrum is severely damaged.
The entropy weaver simulacrum hits you.
The entropy weaver simulacrum freezes you.
You resist. The entropy weaver simulacrum hits you.
The entropy weaver simulacrum freezes you.
You resist. The entropy weaver simulacrum hits you.
The entropy weaver simulacrum freezes you!
You resist. The entropy weaver simulacrum hits you.
The entropy weaver simulacrum freezes you.
You resist. The anaconda simulacrum bites you!
The anaconda simulacrum freezes you. You resist.
The anaconda simulacrum constricts you.
The anaconda simulacrum's grasp on you weakens, but your attempt to escape fails.
The anaconda simulacrum bites you!
* * * LOW HITPOINT WARNING * * *
The anaconda simulacrum freezes you. You resist.
* * * LOW HITPOINT WARNING * * *
The anaconda simulacrum constricts you.
* * * LOW HITPOINT WARNING * * *
The entropy weaver simulacrum hits you.
* * * LOW HITPOINT WARNING * * *
The entropy weaver simulacrum freezes you!
You resist.
* * * LOW HITPOINT WARNING * * *
The entropy weaver simulacrum hits you.
* * * LOW HITPOINT WARNING * * *
The entropy weaver simulacrum freezes you.
You resist.
* * * LOW HITPOINT WARNING * * *
The entropy weaver simulacrum hits you!
You die...

## ########## *
.########...##..Y#
..#..#...##...##ZZZ# *
##.##..##########.....#
* .#####..# #..⌠..#
...#..### #.....
##..### * ..###* #### *
** ## * * * , ,* * ***
,


You could see an anaconda simulacrum, a harpy simulacrum and an entropy weaver
simulacrum.

Vanquished Creatures
  Erica (D:9)
  Nergalle (D:10)
  Pikel (D:5)
  A centaur zombie (D:7)
  Psyche (D:9)
  A kobold demonologist (D:10)
  A queen bee (D:10)
  A wraith (D:10)
  A dire elephant simulacrum (IceCv)
  3 steam dragons
  6 yaks (D:9)
  A death yak simulacrum (IceCv)
  4 vampire mosquitoes (D:10)
  2 water moccasins
  An acid dragon (D:10)
  A black bear (D:6)
  4 orc warriors
  A necrophage (D:7)
  5 centaurs
  2 phantoms
  4 kobold brigands
  4 bullfrogs
  5 two-headed ogre simulacra (IceCv)
  3 cane toad simulacra (IceCv)
  5 scorpions
  3 wyvern zombies
  23 killer bees (D:10)
  An elephant simulacrum (IceCv)
  7 wights (D:8)
  4 howler monkeys
  A crimson imp (D:6)
  2 jellies (D:5)
  A bullfrog skeleton (D:5)
  5 orc priests
  2 hounds
  3 iguanas
  4 orc wizards
  A scorpion zombie (D:4)
  9 spriggan simulacra (IceCv)
  3 troll simulacra (IceCv)
  A killer bee zombie (D:7)
  A wolf simulacrum (IceCv)
  A polar bear simulacrum (IceCv)
  A hound zombie (D:4)
  A howler monkey zombie (D:9)
  4 gnolls (D:6)
  A naga simulacrum (IceCv)
  8 adders
  7 river rats (Sewer)
  A shadow imp (D:5)
  17 white imps
  7 ufetubi
  An adder zombie (D:5)
  An adder skeleton (D:4)
  A worm (D:4)
  The ghost of SirDiesAlot the Sneak, a weakling MiDe (D:4)
  3 dart slugs
  17 orcs
  5 endoplasms
  10 giant cockroaches
  8 goblins
  9 hobgoblins
  6 jackals (D:1)
  4 quokkas
  12 ball pythons
  4 bats
  6 frilled lizards
  24 kobolds
  21 rats
312 creatures vanquished.

Vanquished Creatures (others)
  A black bear (D:9)
  A centaur (D:9)
  10 fungi (D:9)
  7 plants (D:9)
19 creatures vanquished.

Grand Total: 331 creatures vanquished

Notes
Turn   | Place    | Note
-------+----------+-------------------------------------------
     0 | D:1      | Woods the Draconian Transmuter began the quest for the Orb.
     0 | D:1      | Reached XP level 1. HP: 16/16 MP: 3/3
   435 | D:1      | Reached XP level 2. HP: 24/24 MP: 5/5
  1277 | D:1      | Learned a level 2 spell: Wereblood
  1354 | D:2      | Reached XP level 3. HP: 17/30 MP: 4/6
  1592 | D:2      | Found a faded altar of an unknown god.
  1632 | D:2      | Became a worshipper of Ashenzari the Shackled
  1936 | D:2      | Reached XP level 4. HP: 26/38 MP: 4/7
  2079 | D:2      | Learned a level 3 spell: Spider Form
  2655 | D:3      | Found a sacrificial altar of Ru.
  2678 | D:3      | Found a broken altar of Ashenzari.
  2895 | D:3      | Reached * piety under Ashenzari
  3076 | D:4      | Found an ancient bone altar of Kikubaaqudgha.
  3147 | D:4      | Noticed a phantom
  3297 | D:4      | Found a runed translucent gate.
  3297 | D:4      | Found a runed translucent gate.
  3297 | D:4      | Found a runed translucent gate.
  3297 | D:4      | Noticed SirDiesAlot's ghost (weakling MiDe)
  3299 | D:4      | Found a basalt altar of Yredelemnul.
  3324 | D:4      | Reached XP level 5. HP: 33/46 MP: 8/8
  3417 | D:4      | Killed SirDiesAlot's ghost
  3422 | D:4      | Identified the cursed scarf of the Chained Scepticism
                  | {repulsion, Bglg, Elem} (You found it on level 1 of the
                  | Dungeon)
  3422 | D:4      | Identified the cursed +0 pair of gloves "Overhang to
                  | Understand" {Fort, Melee} (You found it on level 1 of the
                  | Dungeon)
  3601 | D:4      | Found a snail-covered altar of Cheibriados.
  3725 | D:4      | Reached ** piety under Ashenzari
  3854 | D:4      | Reached skill level 1 in Hexes
  4106 | D:4      | Killed a phantom
  4107 | D:4      | Reached XP level 6. HP: 39/52 MP: 5/10
  4183 | D:4      | Found a staircase to the Ecumenical Temple.
  4322 | D:5      | Entered Level 5 of the Dungeon
  4346 | D:5      | Reached skill level 3 in Spellcasting
  4390 | D:5      | Noticed a water moccasin
  4406 | D:5      | Killed a water moccasin
  4407 | D:5      | Your scales start taking on a rich purple colour.
  4407 | D:5      | Reached skill level 4 in Spellcasting
  4407 | D:5      | Reached XP level 7. HP: 19/59 MP: 11/13
  4558 | D:5      | Found a glowing drain.
  4584 | Sewer    | Entered a sewer
  4836 | Sewer    | Reached skill level 5 in Spellcasting
  4911 | Sewer    | Reached skill level 5 in Transmutations
  5765 | D:5      | Reached skill level 5 in Unarmed Combat
  6291 | D:5      | Reached XP level 8. HP: 51/67 MP: 12/15
  6296 | D:5      | Reached skill level 5 in Fighting
  6795 | D:5      | Found Ytucach's General Store.
  6915 | D:6      | Found a transporter.
  6916 | D:6      | Noticed math4jedi's ghost (amateur DrCA)
  6963 | D:6      | Noticed Pikel
  7090 | D:5      | Killed Pikel
  7454 | D:6      | Found a transporter.
  7512 | D:6      | Reached XP level 9. HP: 78/78 MP: 11/16
  7641 | D:6      | Found a glowing silver altar of Zin.
  7642 | D:6      | Found an opulent altar of Gozag.
  7924 | D:7      | Noticed a seven-headed hydra
  7924 | D:7      | Identified the +0 leather armour "Ahaas" {-Cast rPois
                  | Str+6}
  8328 | D:7      | Reached skill level 5 in Dodging
  9167 | D:7      | Found a glowing golden altar of the Shining One.
  9225 | D:7      | Identified the cursed scarf of the Eternal Sorrow {rC+ rF+,
                  | Elem, Self} (You found it on level 4 of the Dungeon)
  9674 | D:7      | Learned a level 4 spell: Ice Form
  9692 | D:8      | Found a shimmering altar of Xom.
  9692 | D:8      | Found a shimmering altar of Xom.
  9885 | D:8      | Found an iron altar of Okawaru.
  9908 | D:8      | Reached *** piety under Ashenzari
  9937 | D:8      | Found a shimmering blue altar of Sif Muna.
 10033 | D:8      | Reached skill level 1 in Shields
 10212 | D:8      | Found Jegenaj's Assorted Antiques.
 10214 | D:8      | Reached XP level 10. HP: 97/97 MP: 22/22
 10234 | D:8      | Bought a scroll of teleportation for 78 gold pieces
 10562 | D:8      | Identified the cursed +2 buckler "Lashed Together" {Self,
                  | Elem} (You found it on level 8 of the Dungeon)
 10882 | D:9      | Found a large runed translucent door.
 10882 | D:9      | Found a large runed translucent door.
 10884 | D:9      | Noticed CowFu's ghost (novice DgCj)
 10884 | D:9      | Identified the +6 mace of the Slashing Moth {drain, Drain
                  | rElec rF- rN+++}
 10922 | D:9      | Noticed Erica
 11029 | D:9      | Found a staircase to the Lair.
 11036 | D:9      | Reached skill level 6 in Spellcasting
 11194 | D:9      | Noticed Psyche
 11335 | D:9      | Killed Psyche
 11496 | D:9      | Noticed a boulder beetle
 11845 | D:10     | Entered Level 10 of the Dungeon
 11970 | D:9      | Learned a level 3 spell: Vampiric Draining
 11986 | D:9      | Reached skill level 7 in Spellcasting
 12366 | D:9      | Killed Erica
 12367 | D:9      | Reached skill level 1 in Necromancy
 12840 | D:10     | Found a bloodstained altar of Trog.
 12902 | D:10     | Noticed Nergalle
 13023 | D:10     | Reached skill level 8 in Spellcasting
 13556 | D:10     | Killed Nergalle
 13599 | D:10     | Reached XP level 11. HP: 95/95 MP: 15/23
 13613 | D:10     | Reached skill level 9 in Spellcasting
 14075 | D:11     | Found a frozen archway.
 14124 | IceCv    | Entered an ice cave
 14340 | IceCv    | Reached skill level 10 in Spellcasting
 14878 | IceCv    | Slain by an entropy weaver simulacrum

Illustrated notes

Levels and vault maps discovered:
D:1:      amcnicky_arrival_double_pillar, layout_rooms, dk_noncrumbling_2
D:2:      layout_loops_cross, hellmonk_ecumenical_altar_blasted, minmay_ruptured
D:3:      layout_basic, mainiacjoe_overflow_tiny_flanked,
          nicolae_ru_sacrificial_ziggurat
D:4:      layout_loops_ring, nicolae_yredelemnul_ghost_church,
          mainiacjoe_overflow_catch_the_wave, temple_hall
D:5:      layout_loops_ring, serial_shops, kennysheep_little_box,
          portal_sewer_entry_f, small_statue_intersection
D:6:      layout_rooms, grunt_temple_overflow_gold_and_silver,
          gammafunk_ghost_mausoleum, minmay_fire_ice_demons, uniq_pikel
D:7:      layout_basic, mainiacjoe_overflow_catwalk
D:8:      layout_loops_ring, nicolae_sif_muna_condensation,
          kennysheep_okawaru_gauntlet, xom_shifter_show, serial_shops, shop
D:9:      layout_roguey, grunt_lair_entry_orc_guard_hut,
          ebering_ghost_disaster_area, chequers_hall_statues_wall_a,
          uniq_psyche, uniq_erica
D:10:     layout_roguey, bloody_trog, serial_curves, eino_curves_03,
          eino_curves_02, special_room [special_room_bee], chequers_garden,
          uniq_nergalle
D:11:     minmay_twisted_water, layout_irregular_city,
          portal_ice_cave_entry_imps, serial_shops, nicolae_square_shop
IceCv:    ice_cave_caverns_01

Skill      XL: |  1  2  3  4  5  6  7  8  9 10 11 |
---------------+----------------------------------+-----
Fighting       | 2 3 4 6 8 |  8.6
Unarmed Combat | 4 5 6 9 |  9.0
Hexes          | 1 |  1.3
Transmutations | 3 4 5 7 8 |  8.0
Spellcasting   | 4 5 8 10 | 10.0
Dodging        | 2 4 5 |  5.0
Shields        | 1 2 |  2.4
Necromancy     | 3 4 |  4.8

Action                   |  1- 3 |  4- 6 |  7- 9 | 10-12 || total
-------------------------+-------+-------+-------+-------++-------
Melee: Unarmed           |   159 |   175 |   390 |   327 ||  1051
       Tailslap          |    13 |    20 |    28 |     5 ||    66
       Kick              |     5 |     6 |    32 |    12 ||    55
       Headbutt          |     4 |    10 |    16 |     8 ||    38
       Punch             |     1 |     2 |     2 |       ||     5
 Cast: Beastly Appendage |     6 |    14 |    21 |     4 ||    45
       Wereblood         |     1 |       |     5 |     3 ||     9
       Spider Form       |       |     2 |    22 |    17 ||    41
       Ice Form          |       |       |       |     9 ||     9
Invok: Curse Item        |       |     3 |     2 |     1 ||     6
       Shatter the Chain |       |       |     1 |       ||     1
 Abil: End Transformatio |       |       |       |     3 ||     3
  Use: Scroll            |       |     1 |     1 |       ||     2
       Potion            |       |       |     2 |       ||     2
 Stab: Sleeping          |     1 |     1 |       |       ||     2
Armor: Skin              |    50 |    41 |    79 |    60 ||   230
Dodge: Dodged            |    88 |    95 |   427 |   264 ||   874
       Repelled          |       |     1 |     1 |       ||     2
Block: Buckler           |       |       |     7 |    11 ||    18

Table legend: (Time is in decaauts)
 A = Elapsed time spent in this place.
 B = Non-inter-level travel time spent in this place.
 C = Inter-level travel time spent in this place.
 D = Time resting spent in this place.
 E = Time spent auto-exploring this place.
 F = Levels seen in this place.
 G = Mean time per level.
                   A        B        C        D        E       F      G
               +--------+--------+--------+--------+--------+-----+--------+
         Total |  14747 |  14195 |    552 |   4211 |   6794 |  13 | 1134.4 |
       Dungeon |  12860 |  12308 |    552 |   3420 |   6243 |  11 | 1169.1 |
         Sewer |   1151 |   1151 |      0 |    400 |    447 |   1 | 1151.0 |
      Ice Cave |    735 |    735 |      0 |    391 |    104 |   1 |  735.0 |
               +--------+--------+--------+--------+--------+-----+--------+

Top non-repeatable levels by time:
     D:9: 1918 daAuts
     D:5: 1763 daAuts
     D:7: 1673 daAuts
     D:1: 1373 daAuts
     D:4: 1260 daAuts
    D:10: 1245 daAuts
     D:8: 1163 daAuts
   Sewer: 1151 daAuts
     D:2: 998 daAuts
   IceCv: 735 daAuts
     D:6: 721 daAuts
     D:3: 671 daAuts
    D:11: 71 daAuts
